 Dungeon Crawl Stone Soup version 0.31-a0-219-g8d62b2e7bb (webtiles) character file.

Game seed: 1551901450259823780

18 Zonian the Magician (level 2, -2/15 HPs)
             Began as a Deep Elf Hedge Wizard on July 3, 2023.
             Slain by Natasha (8 damage)
             ... on level 2 of the Dungeon.
             The game lasted 00:01:16 (1062 turns).

Zonian the Magician (Deep Elf Hedge Wizard)         Turns: 1062, Time: 00:01:16

Health: -2/15      AC:  4    Str:  7    XL:     2   Next: 48%
Magic:  2/9        EV: 12    Int: 18    God:
Gold:   43         SH:  0    Dex: 14    Spells: 9/10 levels left

rFire   . . .        a - +0 dagger
rCold   . . .        (no shield)
rNeg    + . .        b - +0 robe
rPois   .            k - +0 helmet
rElec   .            g - scarf {shadows}
rCorr   .            (no gloves)
SInv    .            f - +0 pair of boots
Will    .....        (no amulet)
Stlth   ++           m - ring of positive energy
HPRegen 0.22/turn    (no ring)
MPRegen 0.11/turn

%: no passive effects
@: very slightly contaminated, slowed, very slow
A: no striking features
a: no special abilities


You were on level 2 of the Dungeon.
You visited 1 branch of the dungeon, and saw 2 of its levels.

You collected 43 gold pieces.

Inventory:

Hand Weapons
 a - a +0 dagger (weapon)
Armour
 b - a +0 robe (worn)
 c - a +0 hat
 f - a +0 pair of boots (worn)
 g - a scarf of shadows (worn)
 k - a +0 helmet (worn)
Jewellery
 m - a ring of positive energy (left hand)
Scrolls
 e - a scroll of enchant weapon {unknown}
 h - a scroll of amnesia {unknown}
 i - a scroll of immolation {unknown}
 n - a scroll of identify {unknown}
 o - a scroll of teleportation {unknown}
Potions
 d - a potion of magic
 j - a potion of curing {unknown}
 l - a potion of brilliance {unknown}


   Skills:
 + Level 2.6 Dodging
 + Level 2.7 Stealth
 + Level 4.5 Spellcasting
 + Level 1.5 Conjurations
 + Level 1.5 Summonings
 + Level 1.4 Translocations


You had 9 spell levels left.
You knew the following spells:

 Your Spells              Type           Power      Damage    Failure   Level
a - Magic Dart            Conj           36%        1d4       8%          1

Your spell library contained the following spells:

 Spells                   Type           Power      Damage    Failure   Level
 Call Imp                 Summ           18%        N/A       11%         2
 Blink                    Tloc           18%        N/A       12%         2
 Slow                     Hex            16%        N/A       14%         1
 Cigotuvi's Dreadful Rot  Necr/Pois/Air  8%         N/A       22%         2
 Mephitic Cloud           Conj/Pois/Air  5%         N/A       34%         3


Dungeon Overview and Level Annotations

Branches:
Dungeon (2/15)

Altars:

Annotations:
D:2 Natasha


Message History

Done waiting.
Unknown command.
Natasha, Servant of Life and Death comes into view.
Found a pair of embroidered gloves.
Natasha is nearby!
Unknown command.
The magic dart hits Natasha.
Natasha is lightly wounded.
Natasha hisses angrily.
The magic dart hits Natasha.
Natasha is lightly wounded.
The magic dart hits Natasha.
Natasha is moderately wounded.
The magic dart hits Natasha.
Natasha is heavily wounded.
Natasha mumbles some strange words.
The magic dart hits Natasha.
Natasha is heavily wounded.
The cerulean imp closely misses you.
The magic dart hits Natasha.
Natasha is severely wounded.
Natasha claws you. The cerulean imp barely misses you.
You miscast Magic Dart.
You are very lightly contaminated with residual magic.
Nothing appears to happen.
Natasha casts a spell at you.
You feel yourself slow down. The cerulean imp barely misses you.
The magic dart hits Natasha but does no damage.
Natasha is severely wounded.
Natasha casts a spell at you. The magic dart hits you.
The cerulean imp hits you from afar with a +0 spear.
Natasha barely misses you.
Unknown command.
You hit Natasha.
Natasha is almost dead.
The cerulean imp hits you but does no damage.
Natasha claws you!
Ouch! That really hurt!
You die...

######### ##########
###.......# #.........
##.........###...5.....
.......................
#.........#....#@h.....
#..............#...#...
#..............#...#
#.....<....###.#...#
############ #.#...#
......# ......[#
.)...#. .........


You could see Natasha and a cerulean imp (summoned).

Vanquished Creatures
  A dart slug (D:1)
  An endoplasm (D:1)
  3 hobgoblins (D:1)
  A quokka (D:2)
  3 ball pythons (D:1)
  A bat (D:2)
  A frilled lizard (D:1)
  3 kobolds
  2 rats (D:1)
16 creatures vanquished.

Notes
Turn   | Place    | Note
-------+----------+-------------------------------------------
     0 | D:1      | Zonian the Deep Elf Hedge Wizard began the quest for the
                  | Orb.
     0 | D:1      | Reached XP level 1. HP: 10/10 MP: 7/7
   401 | D:1      | Reached XP level 2. HP: 15/15 MP: 6/9
  1053 | D:2      | Noticed Natasha
  1062 | D:2      | Slain by Natasha

Illustrated notes

Levels and vault maps discovered:
D:1:      sevenhm_arrival_forest_fort_small_5, layout_rooms, minmay_hedge_maze,
          minmay_misc_feat_chi
D:2:      layout_basic, serial_shops, shop_statue, basic_altar, uniq_natasha

Action                     || total
---------------------------++-------
  Melee: Dagger            ||     1
   Cast: Magic Dart        ||    46
 Armour: Robe              ||     2
  Dodge: Dodged            ||     9

Table legend: (Time is in decaauts)
 A = Elapsed time spent in this place.
 B = Non-inter-level travel time spent in this place.
 C = Inter-level travel time spent in this place.
 D = Time resting spent in this place.
 E = Time spent auto-exploring this place.
 F = Levels seen in this place.
 G = Mean time per level.
                   A        B        C        D        E       F      G
               +--------+--------+--------+--------+--------+-----+--------+
         Total |   1063 |   1025 |     38 |    130 |    737 |   2 |  531.5 |
       Dungeon |   1063 |   1025 |     38 |    130 |    737 |   2 |  531.5 |
               +--------+--------+--------+--------+--------+-----+--------+

Top non-repeatable levels by time:
     D:1: 878 daAuts
     D:2: 185 daAuts
